 Dungeon Crawl Stone Soup version 0.31-a0-7-g51783674b7 (webtiles) character file.

Game seed: 17984113697701308860

113 Dittersdorf the Trooper (level 4, 0/29 HPs)
             Began as a Gargoyle Fighter on May 5, 2023.
             Killed from afar by Sigmund (2 damage)
             ... with a puff of flame
             ... on level 3 of the Dungeon.
             The game lasted 00:01:38 (1592 turns).

Dittersdorf the Trooper (Gargoyle Fighter)          Turns: 1592, Time: 00:01:38

Health: 0/29       AC: 13    Str: 22    XL:     4   Next: 96%
Magic:  4/4        EV:  8    Int:  8    God:
Gold:   69         SH:  4    Dex:  9    Spells: 3/3 levels left

rFire   . . .        a - +0 flail
rCold   . . .        c - +0 buckler
rNeg    + . .        s - +0 chain mail
rPois   ∞            (no helmet)
rElec   +            (no cloak)
rCorr   .            (no gloves)
SInv    .            (no boots)
Will    .....        (no amulet) Stlth
                     (no ring)
HPRegen 0.24/turn    (no ring)
MPRegen 0.09/turn

%: no passive effects
@: no status effects
A: sickness immunity, AC +3, negative energy resistance 1, electricity
resistance, torment resistance 1, petrification resistance
a: no special abilities


You were on level 3 of the Dungeon.
You visited 1 branch of the dungeon, and saw 3 of its levels.

You collected 69 gold pieces.

Inventory:

Hand Weapons
 a - a +0 flail (weapon)
Missiles
 l - 4 poisoned darts (quivered)
Armour
 c - a +0 buckler (worn)
 s - a +0 chain mail (worn)
Scrolls
 b - a scroll of fog {unknown}
 e - 2 scrolls of vulnerability {unknown}
 f - a scroll of fear {unknown}
 g - 2 scrolls of enchant weapon {unknown}
 h - a scroll of teleportation {unknown}
 i - 2 scrolls of enchant armour {unknown}
 k - 2 scrolls of identify {unknown}
 m - a scroll of poison {unknown}
 n - a scroll of acquirement {unknown}
Potions
 d - a potion of might
 j - 2 potions of invisibility {unknown}
 o - a potion of magic {unknown}
 p - a potion of degeneration {unknown}
 q - a potion of haste {unknown}
 r - 2 potions of curing {unknown}


   Skills:
 + Level 4.2 Fighting
 + Level 2.9 Maces & Flails
 + Level 4.0 Armour
 + Level 4.1 Shields


You had 3 spell levels left.
You didn't know any spells.
Your spell library was empty.

Dungeon Overview and Level Annotations

Branches:
Dungeon (3/15)

Altars:
Zin

Annotations:
D:3 Sigmund


Innate Abilities, Weirdness & Mutations

You are immune to sickness and miasma.
Your stone body is resilient. (AC +3)
You are immune to poison.
You resist negative energy. (rN+)
You are resistant to electric shocks. (rElec)
You are resistant to unholy torment.
You are immune to petrification.


Message History

No target in view!
No target in view!
No target in view!
No target in view!
No target in view!
No target in view!
No target in view!
No target in view!
No target in view!
No target in view!
No target in view!
You are confused.
You're too confused to move!
You are more confused.
You hear a zap.
A puff of flame appears from out of thin air!
The puff of flame misses you.
You bump into the rock wall.
Something hits you but does no damage.
You barely miss something. Something hits you.
You completely miss something. Something hits you.
You miss something. Something hits you but does no damage.
You bump into the rock wall.
You feel less confused.
You miss something. Something hits you.
You barely miss something. Something hits you.
You barely miss something. Something hits you but does no damage.
You miss something. Something hits you.
You sock something! Something hits you.
You miss something. You barely miss something. Something hits you.
You miss something.
You hear a zap.
A puff of flame appears from out of thin air!
The puff of flame hits you!
* * * LOW HITPOINT WARNING * * *
You hear a zap.
A puff of flame appears from out of thin air!
The puff of flame hits you.
You die...

#.# ###
#.###.....#.# #.#
#.. #.#.#.###.#.#
#####.# #.#
#.#.#.....#.#
....#.# #.#
#.#.+.._..'.#
###.#.# #.#
#.#.#.....###
#.#.######## #.#
#.#.#.###.#
###.#.#......# #.#
#.#.#.....#
....#.#.####.# #{#
#.#.#'###+#
#####.#.##.#.# #@#
#.#.......#
......#....#.# #.#
#.#.#######
##########.#.# #.#
#.#.#
#........###.###.#.#
#.###..#...........#
#.# #..#.....###.###
#.# #............#
#####.#
##.#.#########
......# #.#.#


There were no monsters in sight!

Vanquished Creatures
  Natasha (D:3)
  4 adders
  2 dart slugs
  3 ball pythons (D:1)
  5 bats
  3 endoplasms
  8 goblins
  2 hobgoblins
  5 kobolds
  5 quokkas (D:1)
  3 frilled lizards
  4 rats
45 creatures vanquished.

Notes
Turn   | Place    | Note
-------+----------+-------------------------------------------
     0 | D:1      | Dittersdorf the Gargoyle Fighter began the quest for the
                  | Orb.
     0 | D:1      | Reached XP level 1. HP: 14/14 MP: 1/1
    94 | D:1      | Reached XP level 2. HP: 19/19 MP: 2/2
   312 | D:1      | Reached XP level 3. HP: 21/23 MP: 3/3
  1025 | D:2      | Reached XP level 4. HP: 29/29 MP: 4/4
  1410 | D:3      | Noticed Natasha
  1422 | D:3      | Killed Natasha
  1444 | D:3      | Found a glowing silver altar of Zin.
  1571 | D:3      | Noticed Sigmund
  1592 | D:3      | Killed from afar by Sigmund

Illustrated notes

Levels and vault maps discovered:
D:1:      evilmike_arrival_crescent, layout_loops_ring, corexii_hall_statues_t
D:2:      layout_rooms, minmay_quantized
D:3:      layout_basic, lightli_temple_of_fire,
          mainiacjoe_overflow_six_doors_small, ebering_ghost_disaster_area,
          minmay_misc_feat_pillars, uniq_terence, uniq_sigmund, uniq_natasha

Skill      XL: |  1  2  3  4 |
---------------+-------------+-----
Fighting       | 4 |  4.2
Shields        | 4 |  4.1
Armour         | 4 |  4.0
Maces & Flails | |  2.9

Action                     |  1- 3 |  4- 6 || total
---------------------------+-------+-------++-------
  Melee: Flail             |   119 |    44 ||   163
 Armour: Scale mail        |    69 |    13 ||    82
         Chain mail        |       |    14 ||    14
  Dodge: Dodged            |    41 |    18 ||    59
  Block: Buckler           |    25 |     6 ||    31

Table legend: (Time is in decaauts)
 A = Elapsed time spent in this place.
 B = Non-inter-level travel time spent in this place.
 C = Inter-level travel time spent in this place.
 D = Time resting spent in this place.
 E = Time spent auto-exploring this place.
 F = Levels seen in this place.
 G = Mean time per level.
                   A        B        C        D        E       F      G
               +--------+--------+--------+--------+--------+-----+--------+
         Total |   1641 |   1562 |     79 |      0 |   1177 |   3 |  547.0 |
       Dungeon |   1641 |   1562 |     79 |      0 |   1177 |   3 |  547.0 |
               +--------+--------+--------+--------+--------+-----+--------+

Top non-repeatable levels by time:
     D:1: 728 daAuts
     D:2: 569 daAuts
     D:3: 343 daAuts
